AoeStats
← poposchmatz3031

Arena

510132137Analyzed
1v1 RM · 3d ago on Sep 29, 2026· 44m 19s· 2 players
Game mode
Random Map
Map size
Tiny (2 player)
Population
200
Speed
Normal
Resources
Standard
Victory
Conquest
Starting age
Dark Age
Ending age
Imperial Age
RankedLock teamsTeams togetherTeam positionsShared explorationLock speedFull tech treeHidden civsTurbo modeCheats
Victory
Defeat
🇩🇪 Poles · Germany
1151
+17
🇹🇷 Turks · Türkiye
1178
-17
poposchmatz3031
10:21 Feudal Age
11:54 Double-Bit Axe
15:30 Castle Age
15:00 Forging
18:36 Bow Saw
20:49 Wheelbarrow
20:14 Horse Collar
21:07 Heavy Plow
20:55 Loom
21:46 Stone Mining
21:57 Town Watch
23:16 Bloodlines
23:13 Scale Barding Armor
24:44 Stone Shaft Mining
25:48 Chain Barding Armor
25:53 Hand Cart
26:51 Szlachta Privileges
26:59 Husbandry
27:36 Iron Casting
28:48 Fletching
35:10 Imperial Age
32:58 Gold Mining
35:30 Pikeman
36:10 Squires
38:16 Blast Furnace
37:01 Capped Ram
37:35 Light Cavalry
37:36 Cavalier
39:28 Bodkin Arrow
41:12 Conscription
42:03 Bracer
45:29 Chemistry
Crownda Buffalo siken KURT
9:20 Feudal Age
15:21 Castle Age
19:49 Double-Bit Axe
24:35 Wheelbarrow
24:38 Horse Collar
26:31 Hand Cart
26:02 Town Watch
30:21 Imperial Age
28:37 Loom
29:02 Town Patrol
30:35 Fletching
30:50 Scale Barding Armor
34:10 Forging
34:20 Chain Barding Armor
33:58 Bodkin Arrow
34:14 Forging
35:48 Chain Barding Armor
39:22 Bracer
39:23 Padded Archer Armor
42:21 Masonry
Connection lost

Rejoining the realm…

Still unreachable

The connection could not be restored.

Session expired

The server has moved on; the page needs a fresh start.